 Dungeon Sprint DCSS version 0.30-a0-591-g3c58d2bc28 (webtiles) character file.

Game seed: 14232109812882833360

374 NinjaNoafa the Fighter (level 6, -2/62 HPs)
             Began as a Hill Orc Monk on Jan 5, 2023.
             Was a Believer of Nemelex Xobeh.
             Slain by a demonic crawler (5 damage)
             ... in the Dungeon (Sprint VII: "The Pits").
             The game lasted 00:04:20 (567 turns).

NinjaNoafa the Fighter (Hill Orc Monk)               Turns: 567, Time: 00:04:20

Health: -2/62      AC: 15    Str: 16    XL:     6   Next: 72%
Magic:  12/12      EV:  6    Int: 10    God:    Nemelex Xobeh [**....]
Gold:   0          SH:  0    Dex: 13    Spells: 5/5 levels left

rFire   . . .      SeeInvis .    b - +0 quarterstaff (speed)
rCold   . . .      Faith    .    (shield currently unavailable)
rNeg    . . .      Spirit   .    j - +2 plate armour
rPois   .          Reflect  .    (no helmet)
rElec   .          Harm     .    (no cloak)
rCorr   .          Rampage  .    (no gloves)
Will    .....      NoTele   +    (no boots) Stlth
                                 (no amulet)
HPRegen 0.30/turn                (no ring)
MPRegen 0.13/turn                (no ring)

@: no status effects
A: no striking features
a: Renounce Religion, Draw Escape, Draw Destruction, Draw Summoning


You were in the Dungeon.
You worshipped Nemelex Xobeh.
Nemelex Xobeh was pleased with you.
You visited 1 branch

Inventory:

Hand Weapons
 b - a +0 quarterstaff of speed (weapon)
Missiles
 n - 7 poisoned darts (quivered)
 o - a boomerang
Armour
 j - a +2 plate armour (worn)
Scrolls
 i - a scroll of blinking
 k - 5 scrolls of amnesia
 l - a scroll of summoning
 m - 2 scrolls of vulnerability
Potions
 a - 2 potions of invisibility
 c - a potion of ambrosia
 d - 6 potions of curing
 e - 5 potions of heal wounds
 f - a potion of haste
 g - 4 potions of magic
 h - 3 potions of berserk rage


   Skills:
 + Level 8.7 Fighting
 - Level 6.5 Long Blades
 + Level 5.3 Staves
 + Level 7.0 Armour
 - Level 2.4 Dodging
 - Level 1.5 Stealth
 + Level 8.4 Invocations


You had 5 spell levels left.
You didn't know any spells.
Your spell library was empty.

Dungeon Overview and Level Annotations

Branches:
Dungeon (1/1)

Altars:
Ashenzari
Cheibriados
Dithmenos
Elyvilon
Fedhas
Gozag
Hepliaklqana
Kikubaaqudgha
Makhleb
Nemelex Xobeh
Okawaru
Qazlal
Ru
Sif Muna
Trog
Uskayaw
Vehumet
Wu Jian
Xom
Yredelemnul
Zin
The Shining One
Beogh
Jiyva
Lugonu


Message History

The demonic crawler completely misses you.
The demonic crawler hits you but does no damage.
The demonic crawler hits you.
There is an open door, spattered with blood here.
You draw a card...
You have drawn the Illusion.
Suddenly you stand beside yourself. The demonic crawler hits you!
The demonic crawler hits you.
The demonic crawler hits you but does no damage. x2
The demonic crawler hits you.
The demonic crawler hits you but does no damage.
You hit the demonic crawler.
The demonic crawler is lightly wounded.
The demonic crawler hits you but does no damage.
The demonic crawler hits you. x2
You hit the demonic crawler but do no damage.
The demonic crawler attacks as you move away!
The demonic crawler hits you but does no damage. x2
The demonic crawler barely misses you.
NinjaNoafa's illusion hits the demonic crawler!
The demonic crawler hits you. The demonic crawler hits you!
* * * LOW HITPOINT WARNING * * *
The demonic crawler hits you but does no damage.
You barely miss the demonic crawler.
The demonic crawler is lightly wounded.
The demonic crawler hits you.
* * * LOW HITPOINT WARNING * * *
The demonic crawler hits you.
* * * LOW HITPOINT WARNING * * *
The demonic crawler hits you but does no damage.
NinjaNoafa's illusion hits the demonic crawler!
The demonic crawler hits you but does no damage. x3
NinjaNoafa's illusion hits the demonic crawler but does no damage.
Things that are here:
a +0 short sword; an orc corpse NinjaNoafa's illusion barely misses the demonic crawler.
The demonic crawler hits you.
* * * LOW HITPOINT WARNING * * *
The demonic crawler hits you.
You die...
Your body glows with a rainbow of weird colours and disappears.

#.#.)########...<...#
#.#..')).)[##.......#
#.#..#.)))[##.......#
#'###########.......#
#.......# #########
#...#...# #...#...#
#.##.##.#+#
#...#)@.#.+
#...#s@.#'#
#.......'.#
###########


You could see a demonic crawler (ally target) and the friendly NinjaNoafa's
illusion (summoned).

Vanquished Creatures
  A warg (D)
  A kobold brigand (D)
  A crimson imp (D)
  3 orc priests (D)
  An orc wizard (D)
  A mummy (D)
  6 orcs (D)
  A giant cockroach (D)
  3 goblins (D)
  A hobgoblin (D)
  2 jackals (D)
  A kobold (D)
  A ball python (D)
  A jackal zombie (D)
24 creatures vanquished.

Notes
Turn   | Place    | Note
-------+----------+-------------------------------------------
     0 | D        | NinjaNoafa the Hill Orc Monk began the quest for the Orb.
     0 | D        | Reached XP level 1. HP: 19/19 MP: 1/1
    42 | D        | Found a glowing golden altar of the Shining One.
    42 | D        | Found a glowing silver altar of Zin.
    42 | D        | Found a basalt altar of Yredelemnul.
    42 | D        | Found a shimmering altar of Xom.
    42 | D        | Found an ornate altar of the Wu Jian Council.
    42 | D        | Found a bloodstained altar of Trog.
    42 | D        | Found a shimmering blue altar of Sif Muna.
    42 | D        | Found a sacrificial altar of Ru.
    42 | D        | Found a stormy altar of Qazlal.
    42 | D        | Found an iron altar of Okawaru.
    42 | D        | Found a sparkling altar of Nemelex Xobeh.
    42 | D        | Found a burning altar of Makhleb.
    42 | D        | Found a viscous altar of Jiyva.
    42 | D        | Found a hazy altar of Hepliaklqana.
    42 | D        | Found an opulent altar of Gozag.
    42 | D        | Found a blossoming altar of Fedhas.
    42 | D        | Found a white marble altar of Elyvilon.
    42 | D        | Found a shadowy altar of Dithmenos.
    42 | D        | Found a snail-covered altar of Cheibriados.
    43 | D        | Found a radiant altar of Vehumet.
    43 | D        | Found a corrupted altar of Lugonu.
    43 | D        | Found a roughly hewn altar of Beogh.
    44 | D        | Found a hide-covered altar of Uskayaw.
    44 | D        | Found an ancient bone altar of Kikubaaqudgha.
    44 | D        | Found a broken altar of Ashenzari.
    49 | D        | Became a worshipper of Nemelex Xobeh the Trickster
    49 | D        | Reached * piety under Nemelex Xobeh
    49 | D        | Received a gift from Nemelex Xobeh
    49 | D        | Reached ** piety under Nemelex Xobeh
    49 | D        | Received a gift from Nemelex Xobeh
    85 | D        | Reached skill level 5 in Long Blades
    90 | D        | Reached XP level 2. HP: 20/26 MP: 2/2
   247 | D        | Received a gift from Nemelex Xobeh
   247 | D        | Noticed a crimson imp
   302 | D        | Reached XP level 3. HP: 31/34 MP: 2/5
   355 | D        | Reached skill level 5 in Fighting
   355 | D        | Reached skill level 1 in Staves
   355 | D        | Reached XP level 4. HP: 30/42 MP: 5/7
   402 | D        | Reached skill level 5 in Invocations
   402 | D        | Reached XP level 5. HP: 40/51 MP: 7/9
   413 | D        | Noticed a kobold brigand
   437 | D        | Killed a kobold brigand
   438 | D        | Reached skill level 5 in Armour
   502 | D        | Noticed a warg
   510 | D        | Reached XP level 6. HP: 58/60 MP: 11/11
   516 | D        | Killed a warg
   517 | D        | Reached skill level 5 in Staves
   554 | D        | Noticed a demonic crawler
   567 | D        | HP: 3/62 [demonic crawler (5)]
   567 | D        | Slain by a demonic crawler

Illustrated notes

Levels and vault maps discovered:
D:        pitsprint [storerooms_1, entrance_room_1, metal_vault_5, armoury_1,
          mini_pit_1, grid_room_1, main_hall_1, silver_pit, the_coven_3,
          the_vestibule_1, steel_vault_2, golden_pit, hallway_of_sentries,
          crystal_vault_2, iron_vault_2, final_vault]

Skill      XL: |  1  2  3  4  5  6 |
---------------+-------------------+-----
Long Blades    | 5 6 |  6.5
Fighting       | 4 5 6 7 8 |  8.7
Armour         | 2 3 4 5 7 |  7.0
Invocations    | 2 4 5 7 8 |  8.4
Staves         | 1 3 4 5 |  5.3
Dodging        | |  2.4
Stealth        | |  1.5

Action                   |  1- 3 |  4- 6 || total
-------------------------+-------+-------++-------
Melee: Falchion          |    26 |       ||    26
       Long sword        |    10 |       ||    10
       Quarterstaff      |    10 |    74 ||    84
Invok: Draw Destruction  |     1 |     4 ||     5
       Draw Summoning    |       |     1 ||     1
  Use: Potion            |     1 |       ||     1
Armor: Robe              |     2 |       ||     2
       Plate armour      |    10 |    48 ||    58
Dodge: Dodged            |    11 |     7 ||    18

Table legend: (Time is in decaauts)
 A = Elapsed time spent in this place.
 B = Non-inter-level travel time spent in this place.
 C = Inter-level travel time spent in this place.
 D = Time resting spent in this place.
 E = Time spent auto-exploring this place.
 F = Levels seen in this place.
 G = Mean time per level.
                   A        B        C        D        E       F      G
               +--------+--------+--------+--------+--------+-----+--------+
         Total |    543 |    507 |     36 |     33 |    106 |   1 |  543.0 |
       Dungeon |    543 |    507 |     36 |     33 |    106 |   1 |  543.0 |
               +--------+--------+--------+--------+--------+-----+--------+

Top non-repeatable levels by time:
       D: 543 daAuts
